 Dungeon Crawl Stone Soup version 0.25-a0-86-ga6f17ae7d4 (webtiles) character file.

Game seed: 4998630068162876132, levelgen mode: deterministic

5327 Conn the Covert (level 10, -1/56 HPs)
             Began as an Octopode Fire Elementalist on Nov 9, 2019.
             Was a Follower of Sif Muna.
             Slain by a yak (12 damage)
             ... on level 1 of the Lair of Beasts.
             The game lasted 00:33:04 (9444 turns).

Conn the Covert (Octopode Fire Elementalist)        Turns: 9444, Time: 00:33:05

Health: -1/56      AC:  1    Str:  8    XL:     10   Next: 64%
Magic:  20/20      EV: 15    Int: 18    God:    Sif Muna [*.....]
Gold:   356        SH:  3    Dex: 13    Spells: 9/23 levels left

rFire    + + .     SeeInvis .   B - +2 dagger (freeze)
rCold    . . .     Gourm    .   (no shield)
rNeg     . . .     Faith    .   (helmet restricted)
rPois    .         Spirit   .   k - +3 amulet of reflection
rElec    .         Reflect  +   f - ring of ice
rCorr    .         Harm     .   i - ring of protection from fire
MR       .....     Clarity  +   n - ring of fire
Stlth    +++++.....             p - +2 ring of slaying
HPRegen  0.18/turn              (no ring)
MPRegen  0.17/turn              (no ring)
                                (no ring)
                                (no ring)

@: starving
A: almost no armour, stealthy swim, amphibious, 8 rings, constrict 8, camouflage
1, clarity, dopey 1, fire resistance 1, frail 1, gelatinous body 1
a: Channel Magic, Renounce Religion


You were on level 1 of the Lair of Beasts.
You worshipped Sif Muna.
Sif Muna was aware of your devotion.
You were starving.

You visited 3 branches of the dungeon, and saw 10 of its levels.

You collected 356 gold pieces.

Inventory:

Hand Weapons
 d - a +1 hand axe of chopping
 e - a +0 dagger
 t - a +3 quarterstaff of chaos
 B - a +2 dagger of freezing (weapon)
Missiles
 v - 8 poisoned darts (quivered)
 z - 7 boomerangs
Magical Staves
 y - an uncursed staff of energy {unknown}
Jewellery
 f - a ring of ice (left tentacle)
 i - a ring of protection from fire (right tentacle)
 k - a +3 amulet of reflection (around mantle)
 n - a ring of fire (on tentacle)
 p - a +2 ring of slaying (on tentacle)
 r - an uncursed amulet of faith
Wands
 s - a wand of iceblast (9)
Scrolls
 a - 9 scrolls of identify
 c - 4 scrolls of fog
 h - 4 scrolls of remove curse {unknown}
 j - 2 scrolls of magic mapping {unknown}
 l - a scroll of amnesia {unknown}
 m - 2 scrolls of random uselessness {unknown}
 q - 2 scrolls of teleportation {unknown}
 u - a scroll of blinking {unknown}
Potions
 o - a potion of brilliance
 x - 2 potions of might
Comestibles
 b - 18 rations


   Skills:
 + Level 3.7 Fighting
 + Level 4.7 Short Blades
 + Level 2.8 Throwing
 + Level 4.2 Dodging
 - Level 8.3 Stealth
 * Level 7.2 Spellcasting
 * Level 7.2 Conjurations
 + Level 0.6 Hexes
 + Level 6.5 Fire Magic


You had 9 spell levels left.
You knew the following spells:

 Your Spells              Type           Power        Failure   Level  Hunger
a - Flame Tongue          Conj/Fire      #####        1%          1    None
b - Conjure Flame         Conj/Fire      #####...     1%          3    #......
c - Inner Flame           Hex/Fire       ####....     7%          3    #......
d - Sticky Flame          Conj/Fire      #####...     6%          4    ###....
e - Dazzling Spray        Conj/Hex       ###...       6%          3    #......

Your spell library contained the following spells:

 Spells                   Type           Power        Failure   Level  Hunger
 Throw Flame              Conj/Fire      #####.       1%          2    None
 Corona                   Hex            #......      9%          1    None
 Ensorcelled Hibernation  Hex/Ice        ##....       14%         2    None
 Fireball                 Conj/Fire      #####.....   17%         5    #####..
 Confuse                  Hex            #.......     24%         3    #......
 Tukima's Dance           Hex            #.......     24%         3    #......


Dungeon Overview and Level Annotations

Branches:
Dungeon (8/15)             Temple (1/1) D:7            Lair (1/6) D:8

Altars:
Ashenzari
Elyvilon
Fedhas
Gozag
Hepliaklqana
Kikubaaqudgha
Makhleb
Qazlal
Ru
Sif Muna
Trog
Vehumet
Wu Jian
Zin
The Shining One


Innate Abilities, Weirdness & Mutations

You cannot wear most types of armour.
You are very stealthy in the water. (Stealth+)
You are amphibious.
You can wear up to eight rings at the same time.
You can use your tentacles to constrict eight enemies at once.
Your skin changes colour to match your surroundings (Stealth+).
Your rubbery body absorbs attacks. (AC +1, EV +1)
You possess an exceptional clarity of mind.
You are dopey. (Int -2)
Your flesh is heat resistant. (rF+)
You are frail. (-10% HP)


Message History

The yak is engulfed in blazing flames.
The yak gores you!
The yak is engulfed in blazing flames.
You hit the yak. You freeze the yak.
The yak is severely wounded.
You barely miss the yak.
The yak is severely wounded.
The yak is engulfed in blazing flames.
The yak gores you!
The yak snorts and paws the ground.
You see here a poisoned dart.
You see here a poisoned dart.
You are starving!
The yak enters a dispersal trap!
The yak blinks! x5; You blink.
The yak blinks!
The yak barely misses you. The yak gores you! The yak gores you!
* * * LOW HITPOINT WARNING * * *
The yak gores you!
You die...

.......(...............^.((......
####.............................
....#.#..+#+...##....#####.###+..
....#.#.........#....#.........$#
....#.#.........................#
....#...........................(
+##+#.#.........#P...#Y........(#
........<.......PY.Y.##.###..##.#
##.##.#.........@Y..Y............
####.#.......###..##............
#.#.....###......#...........
#.###.###........)##.........
#....#.....#.###....#.######.
#...# ..#.... ..#.#..## # P...
.##..........#. ..
.....8...8...#. ... .# .....


You could see 4 yaks.

Vanquished Creatures
  A two-headed ogre (D:8)
  Pikel (D:5)
  Grinder (D:4)
  2 dream sheep (D:8)
  A hippogriff (D:7)
  4 yaks
  The ghost of demivan the Shield-Bearer, an amateur GnFi (D:4)
  3 wargs (D:8)
  A water moccasin (D:7)
  A sky beast (D:6)
  An orc warrior (D:6)
  A phantom (D:6)
  A slave (D:5)
  6 ogres
  A centaur (D:6)
  A crocodile (Lair:1)
  A big kobold (D:8)
  4 bullfrogs
  A howler monkey (D:6)
  4 bullfrog zombies
  A centaur zombie (D:8)
  3 crimson imps
  2 hounds
  Crazy Yiuf (D:5)
  5 orc priests
  5 orc wizards
  5 worker ants
  A hound zombie (D:7)
  A worker ant zombie (D:4)
  8 gnolls
  8 adders
  A shadow imp (D:5)
  An ooze (D:1)
  2 adder zombies
  An adder skeleton (D:6)
  5 worms (D:2)
  2 dart slugs (D:3)
  4 leopard geckos
  19 orcs
  3 giant cockroaches
  5 goblins
  6 hobgoblins
  5 jackals
  4 kobolds
  4 quokkas
  6 bats
  3 frilled lizards
  A jackal skeleton (D:6)
  2 leopard gecko skeletons (D:4)
  A quokka skeleton (D:4)
  7 rats
159 creatures vanquished.

Vanquished Creatures (others)
  A leopard gecko (D:5)
  An orc (D:5)
  A fungus (Lair:1)
3 creatures vanquished.

Grand Total: 162 creatures vanquished

Notes
Turn   | Place    | Note
-------+----------+-------------------------------------------
     0 | D:1      | Conn the Octopode Fire Elementalist began the quest for the
                  | Orb.
     0 | D:1      | Reached XP level 1. HP: 11/11 MP: 3/3
   400 | D:1      | Reached XP level 2. HP: 15/17 MP: 5/5
  1089 | D:2      | Reached skill level 3 in Stealth
  1089 | D:2      | Reached XP level 3. HP: 19/21 MP: 4/6
  1280 | D:2      | Found a sacrificial altar of Ru.
  1630 | D:2      | Noticed a moth of wrath
  1633 | D:2      | Found a bloodstained altar of Trog.
  1771 | D:2      | Reached XP level 4. HP: 18/27 MP: 1/7
  2028 | D:3      | Found a shattered altar of Ashenzari.
  2314 | D:3      | Reached skill level 4 in Stealth
  2763 | D:4      | Found a transporter.
  2763 | D:4      | Noticed demivan's ghost (amateur GnFi)
  2771 | D:4      | Learned a level 3 spell: Conjure Flame
  2775 | D:4      | Learned a level 3 spell: Inner Flame
  2805 | D:4      | Noticed Grinder
  2821 | D:4      | Killed Grinder
  2821 | D:4      | Reached skill level 1 in Short Blades
  2821 | D:4      | Reached skill level 5 in Stealth
  2821 | D:4      | Reached XP level 5. HP: 23/32 MP: 0/9
  2821 | D:4      | Reached XP level 6. HP: 26/37 MP: 0/10
  3015 | D:4      | Found an ancient bone altar of Kikubaaqudgha.
  3036 | D:4      | Found a hazy altar of Hepliaklqana.
  3036 | D:4      | Found a burning altar of Makhleb.
  3037 | D:4      | Found a blossoming altar of Fedhas.
  3153 | D:4      | Found a transporter.
  3374 | D:4      | Reached skill level 1 in Fighting
  3597 | D:4      | Reached XP level 7. HP: 43/43 MP: 12/12
  3736 | D:4      | Learned a level 4 spell: Sticky Flame
  3763 | D:4      | Reached skill level 6 in Stealth
  3794 | D:4      | Gained mutation: Your flesh is heat resistant. (rF+)
                  | [potion of mutation]
  3794 | D:4      | Gained mutation: You are frail. (-10% HP) [potion of
                  | mutation]
  3794 | D:4      | Gained mutation: You are dopey. (Int -2) [potion of
                  | mutation]
  3794 | D:4      | Gained mutation: You possess an exceptional clarity of
                  | mind. [potion of mutation]
  3806 | D:4      | Killed demivan's ghost
  4131 | D:5      | Entered Level 5 of the Dungeon
  4438 | D:5      | Noticed Pikel
  4461 | D:5      | Killed Pikel
  4461 | D:5      | Reached skill level 1 in Throwing
  4461 | D:5      | Reached XP level 8. HP: 45/45 MP: 1/14
  4685 | D:5      | Found a runed translucent door.
  4686 | D:5      | Noticed Crazy Yiuf
  4698 | D:5      | Killed Crazy Yiuf
  5151 | D:5      | Found a stormy altar of Qazlal.
  5280 | D:6      | Reached skill level 5 in Fire Magic
  5420 | D:6      | Found a white marble altar of Elyvilon.
  5426 | D:6      | Found an opulent altar of Gozag.
  5494 | D:6      | Reached skill level 5 in Spellcasting
  5580 | D:6      | Noticed a yak
  5610 | D:6      | Killed a yak
  5610 | D:6      | Reached XP level 9. HP: 43/48 MP: 12/16
  5725 | D:6      | Reached skill level 7 in Stealth
  6602 | D:7      | Learned a level 3 spell: Dazzling Spray
  6628 | D:7      | Reached skill level 5 in Conjurations
  6937 | D:6      | Reached skill level 8 in Stealth
  7713 | D:7      | Found a staircase to the Ecumenical Temple.
  7722 | Temple   | Entered the Ecumenical Temple
  7731 | Temple   | Became a worshipper of Sif Muna the Loreminder
  7830 | D:8      | Found a staircase to the Lair.
  8158 | D:8      | Reached XP level 10. HP: 56/56 MP: 8/19
  8367 | D:8      | Noticed a two-headed ogre
  8384 | D:8      | Killed a two-headed ogre
  8728 | Lair:1   | Entered Level 1 of the Lair of Beasts
  8776 | Lair:1   | HP: 1/56 [crocodile (17)]
  8974 | Lair:1   | Reached * piety under Sif Muna
  9444 | Lair:1   | Slain by a yak

Levels and vault maps discovered:
D:1:      dpeg_arrival_round_c, layout_basic
D:2:      cheibrodos_old_hovel, layout_basic, lemuel_doored_altar, tgw_trog
D:3:      layout_basic, overflow_temple_1_default, minivault_26
D:4:      layout_loops_ring, gammafunk_temple_overflow_claw,
          overflow_temple_1_default, gammafunk_ghost_mausoleum, first_ration,
          uniq_grinder
D:5:      layout_loops_cross, nicolae_qazlal_general_emergency, serial_glass,
          glass_columns_a, glass_columns_a, glass_columns_a, glass_columns_a,
          uniq_pikel, uniq_crazy_yiuf_cottage
D:6:      layout_basic, grunt_gozag_breadcrumbs, portal_sewer_entry_d,
          basic_altar, roderic_serpentine_path, minmay_diced_spiral
D:7:      layout_cave_pools, minmay_temple_entry_fiery,
          nicolae_underground_beach
D:8:      layout_basic, erik_lair_orcish_takeover, hangedman_ranch
          [blue_anna_fruit_fields], hangedman_decor_clover_reticule, kb_rosetta
Temple:   dshaligram_water_room_temple
Lair:1:   layout_chaotic_city, grunt_megastairs_2

Skill      XL: |  1  2  3  4  5  6  7  8  9 10 |
---------------+-------------------------------+-----
Stealth        | 3 5 6 8 |  8.3
Short Blades   | 1 3 4 |  4.7
Spellcasting   | 3 4 5 6 7 |  7.2
Conjurations   | 2 3 4 5 7 |  7.2
Fire Magic     | 4 5 6 |  6.5
Fighting       | 1 2 3 |  3.7
Throwing       | 1 2 |  2.8
Dodging        | 3 4 |  4.2
Hexes          | |  0.6

Action                   |  1- 3 |  4- 6 |  7- 9 | 10-12 || total
-------------------------+-------+-------+-------+-------++-------
Melee: Dagger            |    39 |    41 |   129 |    21 ||   230
       Unarmed           |     4 |       |       |       ||     4
       Constrict         |     8 |     8 |    24 |     4 ||    44
       Tentacles         |     5 |     5 |    26 |     2 ||    38
Throw: Dart              |       |       |    18 |     7 ||    25
 Cast: Flame Tongue      |    37 |    33 |   102 |    61 ||   233
       Conjure Flame     |       |     1 |    10 |     9 ||    20
       Inner Flame       |       |       |     2 |     3 ||     5
       Sticky Flame      |       |       |     3 |     5 ||     8
       Dazzling Spray    |       |       |       |     2 ||     2
  Use: Potion            |       |     3 |     3 |     3 ||     9
       Scroll            |       |     2 |       |       ||     2
 Stab: Sleeping          |     9 |    11 |    12 |     2 ||    34
  Eat: Chunk             |     2 |     7 |    14 |     4 ||    27
Armor: Skin              |     4 |     2 |     7 |     1 ||    14
Dodge: Dodged            |    23 |    26 |   105 |    22 ||   176
Block: Other             |       |     1 |    13 |     5 ||    19
       Reflection        |       |       |     1 |     1 ||     2

Table legend:
 A = Non-vault XP
 B = Vault XP
 C = Vault XP percentage of total XP
 D = Non-vault monster count
 E = Vault monster count
 F = Vault count percentage of total count
                 A         B        C        D         E       F
            +---------+---------+-------+---------+---------+-------
      Total |    4573 |    3038 |  39.9 |     129 |      30 |  18.9
            +---------+---------+-------+---------+---------+-------
        D:1 |      23 |       0 |   0.0 |      11 |       0 |   0.0
        D:2 |      43 |      17 |  28.3 |      13 |       5 |  27.8
        D:3 |      45 |       0 |   0.0 |      17 |       0 |   0.0
        D:4 |     224 |     559 |  71.4 |      17 |       6 |  26.1
        D:5 |     247 |     682 |  73.4 |      16 |       2 |  11.1
        D:6 |    1023 |     277 |  21.3 |      16 |       4 |  20.0
        D:7 |    1070 |       0 |   0.0 |      21 |       0 |   0.0
        D:8 |    1207 |    1503 |  55.5 |      13 |      13 |  50.0
     Lair:1 |     691 |       0 |   0.0 |       5 |       0 |   0.0
            +---------+---------+-------+---------+---------+-------
